 Dungeon Crawl Stone Soup version 0.13.1-17-g0f9d4ff (webtiles) character file.

2795 Fosius the Covert (level 9, -7/66 HPs)
             Began as a Demigod Assassin on Dec 15, 2013.
             Mangled by an orc warrior
             ... wielding a +2,+1 orcish flail
              (16 damage)
             ... on Level 11 of the Dungeon on Dec 17, 2013.
             The game lasted 01:04:31 (9580 turns).

Fosius the Covert (Demigod Assassin)                Turns: 9580, Time: 01:04:31

HP  -7/66        AC  3     Str 16      XL: 9   Next: 10%
MP  15/15        EV 12     Int 21      God:
Gold 235         SH  0     Dex 19      Spells:  0 memorised,  8 levels left

Res.Fire  : . . .   See Invis. : .   A - +3 dagger (drain)
Res.Cold  : . . .   Warding    : .   q - +0 elf robe
Life Prot.: . . .   Conserve   : .   (no shield)
Res.Poison: .       Res.Corr.  : .   (no helmet)
Res.Elec. : .       Clarity    : .   d - +0 cloak
Sust.Abil.: . .     Spirit.Shd : .   (no gloves)
Res.Mut.  : .       Stasis     : .   (no boots)
Res.Rott. : .       Flight     : .   (no amulet)
Saprovore : . . .                    T - ring of the Mage {Wiz MR+ Int+3}
                                     u - cursed ring of wizardry

@: quite resistant to hostile enchantments, extremely stealthy
A: no striking features
a: no special abilities


You were on level 11 of the Dungeon.
You were near starving.

You visited 2 branches of the dungeon, and saw 12 of its levels.

You collected 349 gold pieces.
You spent 164 gold pieces at shops.

Inventory:

Hand weapons
 a - a +2,+2 dagger {=f}
 b - a +0 blowgun
 h - a +0,+0 longbow
 i - a +0,+2 sling
 A - a +3,+3 dagger of draining (weapon)
Missiles
 e - 49 poisoned needles
 f - a curare-tipped needle
 l - 32 stones (quivered)
 t - 2 darts of flame
 w - 28 silver sling bullets
 y - 17 steel sling bullets
 E - 28 sling bullets
 F - 15 sling bullets of flame
 N - 3 throwing nets
 Q - 40 arrows
Armour
 d - a +0 cloak (worn)
 q - a +0 elven robe (worn)
 r - a +0 shield
Magical devices
 v - a wand of fireball (2)
 I - a wand of fire (0)
 P - a wand of fireball (5)
Comestibles
 g - 7 bread rations
 s - 6 meat rations
 C - 11 grapes
 G - a choko
 L - a pear
 O - 6 beef jerkies
Scrolls
 j - 2 scrolls of amnesia
 k - 6 scrolls of remove curse
 D - 2 scrolls of blinking
 H - 4 scrolls of identify
 M - 2 scrolls of fog
Jewellery
 u - a cursed ring of wizardry (left hand)
 T - the ring of the Mage (right hand) {Wiz MR+ Int+3}
   (You found it on level 11 of the Dungeon)

   [ring of wizardry]

   It affects your intelligence (+3).
   It affects your resistance to hostile enchantments.
Potions
 m - 3 potions of restore abilities
 o - a potion of heal wounds
 p - a potion of magic
 x - a potion of agility
 z - 4 potions of curing
 B - a potion of brilliance
 J - 2 potions of flight
 S - a potion of might
Magical staves
 K - an uncursed staff of power
Miscellaneous
 c - a plain deck of war


   Skills:
 - Level 1.7 Fighting
 - Level 5.0 Short Blades
 - Level 1.7 Throwing
 - Level 0.8 Dodging
 * Level 11.9 Stealth


You had 8 spell levels left.
You didn't know any spells.

Dungeon Overview and Level Annotations

Branches:
Dungeon (11/27)               Orc (1/4) D:8
 Temple: D:4-7         Lair: D:8-13

Shops:
D:4 ?   D:11 *

Annotations:
D:2 exclusion: oklob plant
D:3 exclusions: orc and sky beast
D:5 Grinder
D:7 exclusion: moth of wrath


Message History

You hit the orc warrior. You drain the orc warrior!
The orc warrior is heavily wounded.
The orc warrior hits you with an orcish flail!
You hit the orc warrior but do no damage.
The orc warrior is heavily wounded.
The orc warrior barely misses you.
You hit the orc warrior but do no damage.
The orc warrior is heavily wounded.
You barely miss the orc warrior.
The orc warrior is heavily wounded.
The orc warrior hits you with an orcish flail!
* * * LOW HITPOINT WARNING * * *
You hit the orc warrior but do no damage.
You drain the orc warrior!
The orc warrior is severely wounded.
You hit the orc warrior but do no damage.
You drain the orc warrior!
The orc warrior is almost dead.
The orc warrior hits you with an orcish flail!
You die...

... #...... #.. ...... #.#
#.##.# #.####.##.# ### ####
#.##......## #..
...#####.##.>.....#
#.####.............#..#####.#
#.............<.............#
#)##........###@.#....#######
##.##.#......# #o.###..#
......#....o.###(......#
##...........o.(#####.##
......##......#.# #...# .
..##.........(#.# #...#
###.#.###.....#.# #...### #
..##.# #..#.##.# #...... ..
...#..# #.##.##.####...####.
#.


You could see an orc warrior.

Vanquished Creatures
  A troll (D:10)
  A two-headed ogre (D:7)
  A trapdoor spider (D:11)
  A hill giant skeleton (D:6)
  A hungry ghost (D:8)
  An ice beast (D:10)
  A phantom (D:11)
  3 centaurs (D:11)
  An ogre (D:8)
  An eye of draining (D:10)
  2 giant frogs
  5 wights (D:10)
  A troll skeleton (D:9)
  A goliath beetle (D:11)
  3 crimson imps
  2 jellies
  3 orc priests
  A giant frog skeleton (D:4)
  5 worker ants
  A crocodile (D:8)
  2 scorpions (D:10)
  2 hounds (D:6)
  3 orc wizards
  An ogre skeleton (D:7)
  A hound skeleton (D:6)
  A hound zombie (D:7)
  A worker ant zombie (D:10)
  6 adders
  3 gnolls
  A green rat (D:8)
  A giant centipede (D:11)
  2 giant mites (D:4)
  6 worms
  An adder skeleton (D:6)
  An adder zombie (D:6)
  An ooze (D:7)
  14 orcs
  3 ball pythons
  3 giant cockroaches
  16 hobgoblins
  8 jackals
  16 kobolds
  6 quokkas
  19 bats
  3 giant geckos
  A giant gecko skeleton (D:9)
  8 giant newts
  9 goblins
  A kobold skeleton (D:5)
  17 rats
193 creatures vanquished.

Vanquished Creatures (others)
  3 fungi (D:8)
  A plant (D:8)
4 creatures vanquished.

Grand Total: 197 creatures vanquished

Notes
Turn   | Place    | Note
--------------------------------------------------------------
     0 | D:1      | Fosius, the Demigod Assassin, began the quest for the Orb.
     0 | D:1      | Reached XP level 1. HP: 16/16 MP: 2/2
   230 | D:1      | Reached skill level 4 in Stealth
   457 | D:1      | Reached XP level 2. HP: 11/23 MP: 3/3
  1332 | D:2      | Reached XP level 3. HP: 19/28 MP: 5/5
  1513 | D:2      | Found a burning altar of Makhleb.
  1518 | D:2      | Found a shimmering altar of Xom.
  1987 | D:2      | Found a blossoming altar of Fedhas.
  2141 | D:2      | Noticed an oklob plant
  2332 | D:3      | Noticed a sky beast
  2957 | D:4      | Reached XP level 4. HP: 27/35 MP: 7/7
  3056 | D:3      | Reached skill level 5 in Stealth
  3182 | D:4      | Paralysed by a potion of paralysis for 2 turns
  3261 | D:4      | Found Icraym's Magic Scroll Emporium.
  3268 | D:4      | Bought a scroll of amnesia for 60 gold pieces
  3268 | D:4      | Bought a scroll of identify for 22 gold pieces
  3268 | D:4      | Bought a scroll of identify for 22 gold pieces
  3268 | D:4      | Bought a scroll of blinking for 60 gold pieces
  3333 | D:4      | Reached XP level 5. HP: 39/41 MP: 8/8
  3954 | D:5      | Entered Level 5 of the Dungeon
  3954 | D:5      | Noticed Grinder
  3954 | D:5      | Noticed a hungry ghost
  4275 | D:5      | Reached skill level 6 in Stealth
  4275 | D:5      | Reached XP level 6. HP: 46/48 MP: 10/10
  4964 | D:6      | Reached skill level 5 in Short Blades
  4983 | D:6      | Found a radiant altar of Vehumet.
  5069 | D:6      | Found an iron altar of Okawaru.
  5766 | D:7      | Noticed a moth of wrath
  5768 | D:7      | Found a bloodstained altar of Trog.
  5865 | D:7      | Reached XP level 7. HP: 45/53 MP: 12/12
  5883 | D:7      | Noticed a two-headed ogre
  5892 | D:7      | HP: 1/53 [two-headed ogre/giant spiked club (9)]
  5904 | D:7      | Killed a two-headed ogre
  5904 | D:7      | Reached skill level 7 in Stealth
  6601 | D:8      | Found a staircase to the Orcish Mines.
  6609 | Orc:1    | Entered Level 1 of the Orcish Mines
  6803 | D:8      | Reached skill level 8 in Stealth
  7403 | D:8      | Reached skill level 9 in Stealth
  7417 | D:8      | Noticed a yak
  7620 | D:9      | Reached XP level 8. HP: 60/60 MP: 13/13
  7671 | D:10     | Entered Level 10 of the Dungeon
  7889 | D:10     | Noticed a troll
  7917 | D:10     | Killed a troll
  7917 | D:10     | Reached skill level 10 in Stealth
  8485 | D:11     | Noticed a troll
  8673 | D:11     | Reached skill level 11 in Stealth
  8721 | D:11     | Found an ancient bone altar of Kikubaaqudgha.
  9210 | D:11     | Found Ehasmapt's General Store.
  9273 | D:11     | Reached XP level 9. HP: 45/66 MP: 15/15
  9580 | D:11     | Mangled by an orc warrior

Action                   |  1- 3 |  4- 6 |  7- 9 || total
-------------------------+-------+-------+-------++-------
Melee: Dagger            |   270 |   151 |   242 ||   663
 Fire: Sling             |       |    22 |    15 ||    37
       Blowgun           |       |       |    18 ||    18
       Longbow           |       |       |     6 ||     6
Throw: Dart              |    15 |     7 |       ||    22
       Dagger            |     3 |     2 |       ||     5
       Javelin           |     2 |    20 |    12 ||    34
       Stone             |    23 |     6 |    17 ||    46
       Club              |     5 |       |       ||     5
Evoke: Wand              |       |     1 |     7 ||     8
  Use: Scroll            |     7 |    10 |     9 ||    26
       Potion            |     1 |     1 |     3 ||     5
 Stab: Sleeping          |     8 |    15 |    16 ||    39
       Distracted        |       |       |     1 ||     1
